 Dungeon Crawl Stone Soup version 0.30-a0-304-gdc4b735fe1 (webtiles) character file.

Game seed: 10995120580068306704

4 byup the Ruffian (level 1, 0/19 HPs)
             Began as a Ghoul Monk on Oct 21, 2022.
             Was an Initiate of Ru.
             Slain by a jackal (2 damage)
             ... on level 1 of the Dungeon.
             The game lasted 00:01:47 (182 turns).

byup the Ruffian (Ghoul Monk)                        Turns: 182, Time: 00:01:48

Health: 0/19       AC:  2    Str: 14    XL:     1   Next: 70%
Magic:  0/0        EV: 12    Int:  5    God:    Ru [......]
Gold:   12         SH:  0    Dex: 11    Spells: 0/0 levels left

rFire   . . .      SeeInvis .      - Unarmed
rCold   + . .      Faith    .    (no shield)
rNeg    + + +      Spirit   .    a - +0 robe
rPois   ∞          Reflect  .    (no helmet)
rElec   .          Harm     .    (no cloak)
rCorr   .          Rampage  .    (no gloves)
Will    .....                    (no boots)
Stlth   ++........               (no amulet)
HPRegen 0.00/turn                (no ring)
MPRegen 0.07/turn                (no ring)

@: inhibited regen
A: claws 1, cold resistance 1, negative energy resistance 3, inhibited
regeneration, torment resistance 2, devour on kill
a: Renounce Religion, Sacrifice Durability, Sacrifice Resistance, Sacrifice
Arcana, Reject Sacrifices


You were on level 1 of the Dungeon.
You worshipped Ru.
Ru was noncommittal.
You visited 1 branch of the dungeon, and saw 1 of its levels.

You collected 12 gold pieces.

Inventory:

Armour
 a - a +0 robe (worn)
Scrolls
 d - a scroll of blinking {unknown}
 e - a scroll of teleportation {unknown}
Potions
 b - a potion of ambrosia
 c - a potion of mutation {unknown}


   Skills:
 + Level 3.3 Fighting
 + Level 2.7 Dodging
 + Level 2.2 Stealth
 + Level 3.5 Unarmed Combat


You couldn't memorise any spells.
You didn't know any spells.
Your spell library contained the following spells:

 Spells                   Type           Power      Damage    Failure   Level
 Shock                    Conj/Air       0%         1d3       47%         1
 Swiftness                Air            0%         N/A       85%         3
 Airstrike                Air            0%         2d(0-16)  99%         4


Dungeon Overview and Level Annotations

Branches:
Dungeon (1/15)

Altars:
Ru


Innate Abilities, Weirdness & Mutations

You are immune to poison.
You have sharp fingernails.
Your flesh is cold resistant. (rC+)
You are immune to negative energy. (rN+++)
You do not regenerate when monsters are visible.
You are immune to unholy pain and torment.
You thrive by killing the living.


Message History

A kobold comes into view. It is wielding a +0 dagger.
Found 18 gold pieces.
The jackal barks! x2; The kobold shouts!
You hear a bark!
The jackal bites you but does no damage.
You scratch the jackal.
The jackal is heavily wounded.
A jackal comes into view. x2
The jackal bites you.
You closely miss the jackal.
The jackal is heavily wounded.
The jackal barely misses you. The jackal attacks as you move away!
The jackal bites you. The jackal attacks as you move away!
The jackal barely misses you. The jackal bites you.
The jackal attacks as you move away! The jackal bites you.
The jackal bites you. x2
The jackal attacks as you move away! The jackal bites you.
The kobold hits you but does no damage. The jackal bites you.
You closely miss the jackal.
The jackal bites you but does no damage.
The jackal bites you.
* * * LOW HITPOINT WARNING * * *
You scratch the jackal but do no damage.
The jackal completely misses you. The jackal bites you.
* * * LOW HITPOINT WARNING * * *
The jackal barely misses you.
You barely miss the jackal. The jackal misses you.
The jackal barely misses you.
You closely miss the jackal. The jackal barely misses you.
A goblin comes into view. It is wielding a +0 dagger.
The jackal bites you.
* * * LOW HITPOINT WARNING * * *
The jackal closely misses you.
You miss the jackal. The jackal barely misses you. x2
You barely miss the jackal.
The jackal bites you but does no damage.
The jackal bites you.
* * * LOW HITPOINT WARNING * * *
The jackal bites you.
You die...

............#########.# #
.#..#⌠................#...#
.#........##.....#g.......$
.....⌠._.⌠## ##...####....
....#......#####..##..... .
.....⌠.⌠.⌠.##>...h...#
>..##.........##K..###
...###)..#######h#.#
##.....#..#....h@#...
##..#####...########...
##..#####..## #..#
....##.....# ..#
##.##..###.# .#
##.##.####.# . #.......##.#
#.......##.# #.......##.#


You could see 3 jackals, a goblin (wandering) and a kobold.

Vanquished Creatures
  An endoplasm (D:1)
  5 rats (D:1)
6 creatures vanquished.

Notes
Turn   | Place    | Note
-------+----------+-------------------------------------------
     0 | D:1      | byup the Ghoul Monk began the quest for the Orb.
     0 | D:1      | Reached XP level 1. HP: 19/19 MP: 0/0
    67 | D:1      | Found a faded altar of an unknown god.
   113 | D:1      | Prayed at the altar of an unknown god.
   113 | D:1      | Became a worshipper of Ru the Awakened
   182 | D:1      | Slain by a jackal

Illustrated notes

Levels and vault maps discovered:
D:1:      dpeg_arrival_ratfight, layout_rooms, hellmonk_ecumenical_altar_run_dry

Action                   || total
-------------------------++-------
Melee: Unarmed           ||    24
Armor: Robe              ||     7
Dodge: Dodged            ||    16

Table legend: (Time is in decaauts)
 A = Elapsed time spent in this place.
 B = Non-inter-level travel time spent in this place.
 C = Inter-level travel time spent in this place.
 D = Time resting spent in this place.
 E = Time spent auto-exploring this place.
 F = Levels seen in this place.
 G = Mean time per level.
                   A        B        C        D        E       F      G
               +--------+--------+--------+--------+--------+-----+--------+
         Total |    180 |    180 |      0 |      0 |     19 |   1 |  180.0 |
       Dungeon |    180 |    180 |      0 |      0 |     19 |   1 |  180.0 |
               +--------+--------+--------+--------+--------+-----+--------+

Top non-repeatable levels by time:
     D:1: 180 daAuts
